 Dungeon Crawl Stone Soup version 0.30.1-4-g462c640d31 (webtiles) character file.

Game seed: 7342080261888553989

350 croobank the Covert (level 6, -9/44 HPs)
             Began as an Octopode Delver on Sept 15, 2023.
             Killed by divine providence
             ... invoked by an orc priest
              (11 damage)
             ... on level 5 of the Dungeon.
             The game lasted 00:08:17 (3048 turns).

croobank the Covert (Octopode Delver)               Turns: 3048, Time: 00:08:17

Health: -9/44      AC:  1    Str: 11    XL:     6   Next: 61%
Magic:  6/6        EV: 14    Int: 15    God:
Gold:   123        SH:  0    Dex: 13    Spells: 5/5 levels left

rFire   . . .        a - +2 spear (venom)
rCold   . . .        (no shield)
rNeg    . . .        (helmet restricted)
rPois   .            (no amulet)
rElec   .            (no ring)
rCorr   .            (no ring)
SInv    .            (no ring)
Will    .....        (no ring)
Stlth   +++++        (no ring)
HPRegen 0.27/turn    (no ring)
MPRegen 0.10/turn    (no ring)
                     (no ring)

%: no passive effects
@: no status effects
A: almost no armour, amphibious, 8 rings, camouflage 1, gelatinous body 1,
(nimble swimmer 1), tentacles
a: no special abilities


You were on level 5 of the Dungeon.
You visited 1 branch of the dungeon, and saw 6 of its levels.

You collected 163 gold pieces.
You spent 40 gold pieces at shops.

Inventory:

Hand Weapons
 a - a +2 spear of venom (weapon)
 b - a +0 sling
 g - a +0 hand axe
 i - a +0 trident
 o - a +0 short sword
 q - a +2 whip of holy wrath
 x - a +0 long sword
 y - a +0 war axe
Missiles
 c - 5 boomerangs (quivered)
 j - 2 poisoned darts
Wands
 f - a wand of digging (2)
Scrolls
 d - 2 scrolls of fear
 h - 6 scrolls of identify
 k - a scroll of immolation {unknown}
 n - 2 scrolls of amnesia {unknown}
 p - 2 scrolls of teleportation
 r - 2 scrolls of blinking {unknown}
 s - a scroll of magic mapping
 t - 2 scrolls of butterflies {unknown}
 v - 2 scrolls of fog
 w - a scroll of acquirement {unknown}
 E - a scroll of vulnerability {unknown}
Potions
 e - a potion of haste
 l - 5 potions of resistance
 m - a potion of curing
 z - a potion of heal wounds
 A - a potion of ambrosia
 B - a potion of cancellation
 C - a potion of brilliance
 D - a potion of berserk rage {unknown}


   Skills:
 + Level 4.4 Fighting
 + Level 3.7 Short Blades
 + Level 3.7 Dodging
 + Level 8.1 Stealth


You had 5 spell levels left.
You didn't know any spells.
Your spell library contained the following spells:

 Spells                   Type           Power      Damage    Failure   Level
 Beastly Appendage        Tmut           0%         N/A       26%         1
 Wereblood                Tmut           0%         N/A       38%         2
 Spider Form              Tmut/Pois      0%         N/A       63%         3


Dungeon Overview and Level Annotations

Branches:
Dungeon (6/15)
 Temple: D:4-7

Altars:
Wu Jian
The Shining One

Shops:
D:4 (?((


Innate Abilities, Weirdness & Mutations

You cannot wear most types of armour.
You are amphibious.
You can wear up to eight rings at the same time.
Your skin changes colour to match your surroundings (Stealth+).
Your rubbery body absorbs attacks. (AC +1, EV +1)
((You are camouflaged when in or above water. (Stealth+)))
You have tentacles for arms and can constrict up to eight enemies at once.


Message History

The helpless orc fails to defend itself.
You puncture the orc!
You kill the orc!
The orc wizard shouts!
The orc shouts!
You hear a howl!
You hear a bark!
You hear a shout!
The orc wizard casts a spell.
The orc wizard flickers and vanishes!
Deactivating autopickup; reactivate with Ctrl-A.
You reach to attack!
You hit the orc.
The orc is poisoned.
The orc is severely wounded.
The orc priest calls upon Beogh to heal the orc.
The orc's wounds heal themselves!
You closely miss the orc. Your grab misses the orc. The orc closely misses you.
You hit the orc.
The orc looks as sick as possible!
Your grab misses the orc. Your squeeze misses the orc.
The orc is severely wounded.
The orc barely misses you. The orc hits you with a +0 war axe.
The orc attacks as you move away! The orc closely misses you.
You kill the orc!
The orc priest hits you with a +0 club.
The orc priest attacks as you move away!
The orc priest hits you with a +0 club.
The orc priest attacks as you move away!
The orc priest barely misses you.
The orc priest mumbles some strange prayers to Beogh against you.
Beogh smites you! Something hits you. Something barely misses you.
A magic dart appears from out of thin air!
The magic dart hits you!
* * * LOW HITPOINT WARNING * * *
The howler monkey hoots and howls with incredible vigour!
A puff of flame appears from out of thin air!
The puff of flame hits you!
* * * LOW HITPOINT WARNING * * *
There is a stone staircase leading up here.
The hound barely misses you.
The orc priest invokes the aid of Beogh against you.
Beogh smites you!
You die...

###............
...............>
.................
+.................
#................$
#.................
#.........).......
#.........@.......
#........h........
####.........o....##.
................#....
#.............#.# ##.
..............#.#
^......h......#.#
......).).....#.#
........#####.#


You could see a howler monkey, a hound and an orc priest.

Vanquished Creatures
  A scorpion (D:4)
  2 hounds
  An orc wizard (D:4)
  4 gnolls (D:4)
  8 adders
  10 orcs
  4 bats
  5 endoplasms
  5 giant cockroaches
  9 goblins
  6 hobgoblins
  8 jackals
  2 quokkas
  7 ball pythons
  5 frilled lizards
  4 kobolds
  4 rats
85 creatures vanquished.

Notes
Turn   | Place    | Note
-------+----------+-------------------------------------------
     0 | D:5      | croobank the Octopode Delver began the quest for the Orb.
     0 | D:5      | Reached XP level 1. HP: 16/16 MP: 1/1
    19 | D:5      | Noticed an orc wizard
    22 | D:5      | Reached XP level 2. HP: 21/21 MP: 2/2
    22 | D:5      | Noticed a howler monkey
    44 | D:6      | Reached skill level 7 in Stealth
    44 | D:6      | Reached XP level 3. HP: 26/26 MP: 3/3
    47 | D:6      | Noticed a water moccasin
   276 | D:3      | Reached XP level 4. HP: 21/31 MP: 4/4
  1192 | D:2      | Found a faded altar of an unknown god.
  1276 | D:2      | Reached XP level 5. HP: 37/37 MP: 5/5
  1742 | D:3      | Found an ornate altar of the Wu Jian Council.
  2388 | D:4      | Reached XP level 6. HP: 43/43 MP: 6/6
  2554 | D:4      | Found a glowing golden altar of the Shining One.
  2691 | D:4      | Found Deinkeurch's Magic Scroll Boutique.
  2695 | D:4      | Found Fesel's Weapon Boutique.
  2695 | D:4      | Found Higeel's Weapon Boutique.
  2695 | D:4      | Found Koelig's Weapon Boutique.
  2700 | D:4      | Reached skill level 8 in Stealth
  2902 | D:4      | Bought a scroll of noise for 10 gold pieces
  2902 | D:4      | Bought a scroll of teleportation for 30 gold pieces
  3047 | D:5      | HP: 2/44 [something/puff of flame (9)]
  3048 | D:5      | Killed from afar by an orc priest

Illustrated notes

Levels and vault maps discovered:
D:1:      minmay_arrival_checkered_box, layout_basic
D:2:      layout_rooms, shapermc_ecumenical_altar_mp_highgroup
D:3:      layout_loops_ring, lemuel_tele_altar
D:4:      layout_loops_ring, mainiacjoe_overflow_alcove_2,
          hangedman_decor_points, minmay_shop_grid_forest
D:5:      layout_basic, minmay_misc_feat_four_crosses
D:6:      layout_rooms, minmay_temple_entry_junction_2

Skill      XL: |  1  2  3  4  5  6 |
---------------+-------------------+-----
Stealth        | 7 8 |  8.1
Short Blades   | 3 |  3.7
Dodging        | 3 |  3.7
Fighting       | 4 |  4.4

Action                     |  1- 3 |  4- 6 || total
---------------------------+-------+-------++-------
  Melee: Short sword       |    19 |     7 ||    26
         Constrict         |     6 |    27 ||    33
         Tentacles         |     4 |    25 ||    29
         Spear             |       |   137 ||   137
         Punch             |       |     1 ||     1
  Evoke: Wand              |     1 |       ||     1
    Use: Scroll            |     1 |     7 ||     8
   Stab: Sleeping          |     2 |    28 ||    30
         Distracted        |       |     1 ||     1
 Armour: Skin              |       |     7 ||     7
  Dodge: Dodged            |     9 |    60 ||    69
